Nashville Predators vs St.Louis Blues
Created - Saturday, June 8, 2024 at 08:33
Goals
|
| Nashville Predators |
0 |
1 |
0 |
1 |
| St.Louis Blues |
1 |
2 |
0 |
3 |
|
Shots
|
| Nashville Predators |
10 |
9 |
0 |
19 |
| St.Louis Blues |
15 |
11 |
4 |
30 |
|
1st period
1. St.Louis Blues , Jack Eichel 1 (Jake Guentzel 1) at 3:05
Penalties :
Robert Thomas (STL) for Tripping (Minor) at 5:07, Henri Jokiharju (NSH) for Hooking (Minor) at 19:40
2nd period
2. St.Louis Blues , Jack Eichel 2 (Mark Stone 1, Nico Sturm 1) at 7:11 (PP)
3. Nashville Predators , Jakub Voracek 1 (Ethan Bear 1, Thomas Novak 1) at 10:24
4. St.Louis Blues , Andrew Copp 1 (Alex Pietrangelo 1) at 13:27
Penalties :
Nico Sturm (STL) for Roughing (Minor) at 5:00, Alexander Alexeyev (NSH) for Hooking (Minor) at 5:39, Nate Schmidt (NSH) for Roughing (Minor) at 11:22
3rd period
No Goal
Penalties :
Henri Jokiharju (NSH) for Roughing (Minor) at 0:22
Goalie Stats
Adin Hill (NSH), 27 saves from 30 shots - (0.900), L, 0-1-0, 60:00 minutes
Connor Hellebuyck (STL), 18 saves from 19 shots - (0.947), W, 1-0-0, 60:00 minutes
Players Stats for Nashville Predators
Player Name G A P +/- PIM S H SB GA TA FO MP PP MP PK MP
------------------------------------------------------------------------------------
Alex Newhook 0 0 0 0 0 3 1 1 0 0 0/1 17:29 1:16 3:04
Alexander Alexeyev 0 0 0 -1 2 0 0 3 0 0 0/0 19:55 1:13 0:37
Brett Leason 0 0 0 0 0 0 2 0 0 0 0/0 8:32 0:00 0:00
Corey Perry 0 0 0 0 0 0 0 2 0 0 3/8 13:15 0:00 0:00
Ethan Bear 0 1 1 0 0 0 0 1 0 0 0/0 17:44 0:00 2:02
Henri Jokiharju 0 0 0 0 4 1 2 3 0 1 0/0 22:30 1:24 1:13
Jacob Peterson 0 0 0 0 0 1 2 0 0 0 0/0 18:45 1:22 2:49
Jakub Voracek 1 0 1 0 0 1 0 0 2 0 0/0 15:15 1:22 0:00
Justin Braun 0 0 0 -1 0 0 0 1 0 0 0/0 19:30 0:00 3:21
Kevin Labanc 0 0 0 0 0 1 1 1 0 0 0/2 13:28 0:00 0:00
Markus Niemelainen 0 0 0 0 0 1 1 2 0 1 0/0 18:12 1:14 2:58
Morgan Frost 0 0 0 0 0 2 2 0 0 0 7/12 18:37 1:16 3:04
Nate Schmidt 0 0 0 -1 2 2 1 2 1 1 0/0 21:41 1:24 2:07
Patrick Maroon 0 0 0 -1 0 1 4 0 0 0 0/5 10:59 0:00 0:16
Rasmus Kupari 0 0 0 0 0 2 0 0 0 0 0/0 9:03 0:00 0:00
Sam Gagner 0 0 0 -1 0 2 0 0 0 0 0/1 16:01 1:16 0:16
Thomas Novak 0 1 1 0 0 2 0 0 0 1 8/20 18:33 1:22 2:49
Zemgus Girgensons 0 0 0 0 0 0 1 1 0 0 0/0 12:58 0:00 0:00
Players Stats for St.Louis Blues
Player Name G A P +/- PIM S H SB GA TA FO MP PP MP PK MP
------------------------------------------------------------------------------------
Adam Pelech 0 0 0 2 0 2 1 2 0 0 0/0 13:33 0:00 1:26
Alex Pietrangelo 0 1 1 0 0 1 1 1 0 0 0/0 22:49 2:29 0:00
Alex Tuch 0 0 0 -1 0 0 1 0 0 0 0/0 14:08 2:17 0:00
Andrew Copp 1 0 1 1 0 1 1 0 0 0 2/2 10:19 0:00 1:22
Colton Parayko 0 0 0 0 0 2 2 4 0 0 0/0 21:15 0:12 1:12
Elias Pettersson 0 0 0 0 0 3 1 0 1 0 0/0 20:23 3:17 0:15
Evander Kane 0 0 0 -1 0 1 3 0 1 0 0/0 13:35 2:40 0:00
Jack Eichel 2 0 2 1 0 4 1 0 0 0 8/9 18:08 2:52 0:00
Jake Guentzel 0 1 1 1 0 5 0 1 0 0 0/1 18:09 3:17 0:01
Jake Sanderson 0 0 0 -1 0 0 2 0 0 0 0/0 19:23 0:00 1:12
Lawson Crouse 0 0 0 1 0 2 1 0 1 0 0/0 10:24 0:00 1:22
Mark Stone 0 1 1 1 0 2 0 0 1 0 0/0 17:49 2:52 0:00
Mikhail Sergachev 0 0 0 -1 0 3 3 1 0 0 0/0 21:49 3:40 0:00
Nick Leddy 0 0 0 2 0 0 0 0 0 0 0/0 13:39 0:00 1:26
Nico Sturm 0 1 1 1 2 0 0 0 0 0 1/3 9:31 0:12 1:01
Robert Thomas 0 0 0 0 2 2 1 0 0 0 15/27 20:13 3:17 0:00
Tage Thompson 0 0 0 0 0 1 1 0 0 1 1/2 19:20 3:40 0:00
Yanni Gourde 0 0 0 -1 0 1 3 0 0 2 4/5 11:33 0:00 1:15
3 Stars
1 - Jack Eichel (STL)
2 - Andrew Copp (STL)
3 - Connor Hellebuyck (STL)
Power Play
Nashville Predators - 0 on 2 Attempt(s) - 0.00%
St.Louis Blues - 1 on 4 Attempt(s) - 25.00%
Penalty Kill
Nashville Predators - 3 on 4 Attempt(s) - 75.00%
- Score 0 goal in Penalty Kill
St.Louis Blues - 2 on 2 Attempt(s) - 100.00%
- Score 0 goal in Penalty Kill
Team Stat
Nashville Predators - Hits : 17 - Faceoff Wins : 18 - Blocked Shots : 17 - Penalty Minutes : 8
St.Louis Blues - Hits : 22 - Faceoff Wins : 31 - Blocked Shots : 9 - Penalty Minutes : 4
Official
Referees : Brad Meier and Dave Lewis
Linesman : Pierre Racicot and Jay Sharrers
Game Notes
No Game Note
Finance
Level 1 -- Attendance: 5988 (99.80%) -- Ticket Income $580,836
Level 2 -- Attendance: 4674 (93.48%) -- Ticket Income $266,418
Level 3 -- Attendance: 2718 (90.60%) -- Ticket Income $92,412
Level 4 -- Attendance: 5000 (100.00%) -- Ticket Income $115,000
Luxury Box -- Attendance: 1000 (100.00%) -- Ticket Income $194,000
Game was played at the Scottrade Center.
Total Attendance: 19380 (96.90%)
Total Ticket Income: $1,248,666
Other Income: $437,033
Total Income: $1,685,699
Nashville Predators
5 vs 5 Forward
Center Left Wing Right Wing Time % Phy DF OF
1 Thomas Novak Jacob Peterson Jakub Voracek 30 1 2 2
2 Morgan Frost Kevin Labanc Sam Gagner 30 1 2 2
3 Corey Perry Alex Newhook Zemgus Girgensons 25 1 2 2
4 Patrick Maroon Rasmus Kupari Brett Leason 15 1 2 2
5 vs 5 Defense
Defense Defense Time % Phy DF OF
1 Henri Jokiharju Nate Schmidt 35 1 2 2
2 Justin Braun Alexander Alexeyev 35 1 2 2
3 Markus Niemelainen Ethan Bear 30 1 2 2
4 Henri Jokiharju Nate Schmidt 0 1 2 2
PowerPlay Forward
Center Left Wing Right Wing Time % Phy DF OF
1 Thomas Novak Jacob Peterson Jakub Voracek 50 1 2 2
2 Morgan Frost Alex Newhook Sam Gagner 50 1 2 2
PowerPlay Defense
Defense Defense Time % Phy DF OF
1 Nate Schmidt Henri Jokiharju 50 1 2 2
2 Markus Niemelainen Alexander Alexeyev 50 1 2 2
Penalty Kill 4 Players Forward
Center Wing Time % Phy DF OF
1 Thomas Novak Jacob Peterson 50 1 2 2
2 Morgan Frost Alex Newhook 50 1 2 2
Penalty Kill 4 Players Defense
Defense Defense Time % Phy DF OF
1 Henri Jokiharju Nate Schmidt 50 1 2 2
2 Justin Braun Markus Niemelainen 50 1 2 2
Penalty Kill - 3 Players Forward
Forward Time % Phy DF OF
1 Jacob Peterson 50 1 2 2
2 Morgan Frost 50 1 2 2
Penalty Kill - 3 Players Defense
Defense Defense Time % Phy DF OF
1 Henri Jokiharju Nate Schmidt 50 1 2 2
2 Markus Niemelainen Alexander Alexeyev 50 1 2 2
4 vs 4 Forward
Center Wing Time % Phy DF OF
1 Thomas Novak Jacob Peterson 50 1 2 2
2 Morgan Frost Sam Gagner 50 1 2 2
4 vs 4 Defense
Defense Defense Time % Phy DF OF
1 Henri Jokiharju Nate Schmidt 50 1 2 2
2 Justin Braun Markus Niemelainen 50 1 2 2
Last Minutes Offensive
Center Left Wing Right Wing Defense Defense
Thomas Novak Jacob Peterson Kevin Labanc Nate Schmidt Henri Jokiharju
Last Minutes Defensive
Center Left Wing Right Wing Defense Defense
Morgan Frost Corey Perry Rasmus Kupari Henri Jokiharju Nate Schmidt
Goaltenders
Starting : Adin Hill
Backup : Kevin Lankinen
Extra Forwards
Normal : Thomas Novak, Sam Gagner, Morgan Frost - PP : Sam Gagner, Alex Newhook - PK : Morgan Frost
Extra Defensemen
Normal : Henri Jokiharju, Markus Niemelainen, Nate Schmidt - PP : Markus Niemelainen - PK : Henri Jokiharju, Markus Niemelainen
Penalty Shots
Jacob Peterson, Jakub Voracek, Kevin Labanc, Morgan Frost, Thomas Novak
St.Louis Blues
5 vs 5 Forward
Center Left Wing Right Wing Time % Phy DF OF
1 Robert Thomas Elias Pettersson Tage Thompson 40 0 2 3
2 Jack Eichel Jake Guentzel Mark Stone 30 0 2 3
3 Yanni Gourde Alex Tuch Evander Kane 20 1 2 2
4 Nico Sturm Andrew Copp Lawson Crouse 10 1 3 1
5 vs 5 Defense
Defense Defense Time % Phy DF OF
1 Colton Parayko Alex Pietrangelo 45 1 2 2
2 Jake Sanderson Mikhail Sergachev 35 1 2 2
3 Nick Leddy Adam Pelech 20 1 2 2
4 Alex Pietrangelo Mikhail Sergachev 0 1 2 2
PowerPlay Forward
Center Left Wing Right Wing Time % Phy DF OF
1 Robert Thomas Elias Pettersson Jake Guentzel 60 1 0 4
2 Jack Eichel Evander Kane Mark Stone 40 1 0 4
PowerPlay Defense
Defense Defense Time % Phy DF OF
1 Tage Thompson Mikhail Sergachev 60 0 1 4
2 Alex Tuch Alex Pietrangelo 40 0 1 4
Penalty Kill 4 Players Forward
Center Wing Time % Phy DF OF
1 Nico Sturm Yanni Gourde 50 1 4 0
2 Andrew Copp Lawson Crouse 50 1 4 0
Penalty Kill 4 Players Defense
Defense Defense Time % Phy DF OF
1 Jake Sanderson Colton Parayko 50 1 4 0
2 Nick Leddy Adam Pelech 50 1 4 0
Penalty Kill - 3 Players Forward
Forward Time % Phy DF OF
1 Nico Sturm 50 0 5 0
2 Yanni Gourde 50 0 5 0
Penalty Kill - 3 Players Defense
Defense Defense Time % Phy DF OF
1 Jake Sanderson Colton Parayko 50 0 5 0
2 Adam Pelech Nick Leddy 50 0 5 0
4 vs 4 Forward
Center Wing Time % Phy DF OF
1 Robert Thomas Elias Pettersson 50 0 2 3
2 Jack Eichel Mark Stone 50 0 2 3
4 vs 4 Defense
Defense Defense Time % Phy DF OF
1 Alex Pietrangelo Colton Parayko 50 1 2 2
2 Mikhail Sergachev Jake Sanderson 50 1 2 2
Last Minutes Offensive
Center Left Wing Right Wing Defense Defense
Robert Thomas Elias Pettersson Tage Thompson Jack Eichel Mikhail Sergachev
Last Minutes Defensive
Center Left Wing Right Wing Defense Defense
Nico Sturm Yanni Gourde Lawson Crouse Alex Pietrangelo Colton Parayko
Goaltenders
Starting : Connor Hellebuyck
Backup : Scott Wedgewood
Extra Forwards
Normal : Jack Eichel, Elias Pettersson, Lawson Crouse - PP : Jack Eichel, Elias Pettersson - PK : Elias Pettersson
Extra Defensemen
Normal : Jake Sanderson, Mikhail Sergachev, Colton Parayko - PP : Nick Leddy - PK : Jake Sanderson, Colton Parayko
Penalty Shots
Elias Pettersson, Tage Thompson, Jack Eichel, Alex Tuch, Robert Thomas
% Time on Ice - Nashville Predators
Lines # - Real PCT - Wanted PCT - Time Play
Normal Forward
1 - 29% - 30% - 14:42
2 - 31% - 30% - 15:32
3 - 24% - 25% - 11:46
4 - 16% - 15% - 7:53
Normal Defense
1 - 38% - 35% - 18:43
2 - 34% - 35% - 16:52
3 - 29% - 30% - 14:18
4 - 0% - 0% - 0:00
PP Forward
1 - 52% - 50% - 1:22
2 - 48% - 50% - 1:16
PP Defense
1 - 53% - 50% - 1:24
2 - 47% - 50% - 1:14
PK Forward
1 - 50% - 50% - 3:05
2 - 50% - 50% - 3:04
PK Defense
1 - 65% - 50% - 4:01
2 - 35% - 50% - 2:08
PK3 Forward
1 - 0% - 50%
2 - 0% - 50%
PK3 Defense
1 - 0% - 50%
2 - 0% - 50%
44 Forward
1 - 56% - 50% - 0:45
2 - 44% - 50% - 0:35
44 Defense
1 - 64% - 50% - 0:51
2 - 36% - 50% - 0:29
Last Minute Offensive - 0:00
Last Minute Defensive - 0:00
Total
Forward - 60:00
Defense - 60:00
|
% Time on Ice - St.Louis Blues
Lines # - Real PCT - Wanted PCT - Time Play
Normal Forward
1 - 32% - 40% - 15:55
2 - 34% - 30% - 16:47
3 - 20% - 20% - 10:08
4 - 14% - 10% - 7:03
Normal Defense
1 - 39% - 45% - 19:42
2 - 36% - 35% - 17:50
3 - 24% - 20% - 12:07
4 - 0% - 0% - 0:14
PP Forward
1 - 53% - 60% - 3:17
2 - 47% - 40% - 2:52
PP Defense
1 - 63% - 60% - 3:52
2 - 37% - 40% - 2:17
PK Forward
1 - 47% - 50% - 1:15
2 - 53% - 50% - 1:23
PK Defense
1 - 46% - 50% - 1:12
2 - 54% - 50% - 1:26
PK3 Forward
1 - 0% - 50%
2 - 0% - 50%
PK3 Defense
1 - 0% - 50%
2 - 0% - 50%
44 Forward
1 - 50% - 50% - 0:40
2 - 50% - 50% - 0:40
44 Defense
1 - 48% - 50% - 0:38
2 - 53% - 50% - 0:42
Last Minute Offensive - 0:00
Last Minute Defensive - 0:00
Total
Forward - 60:00
Defense - 60:00
|
Play-by-Play
1st period
0:01 of 1st period - Tage Thompson wins face-off versus Thomas Novak in neutral zone.
0:52 of 1st period - Icing by Mark Stone.
0:53 of 1st period - Jack Eichel wins face-off versus Morgan Frost in St.Louis Blues zone.
1:08 of 1st period - Slapshot by Jack Eichel.
1:08 of 1st period - Shot Misses the Net.
1:16 of 1st period - Wrist shot by Sam Gagner.
1:16 of 1st period - Stopped by Connor Hellebuyck with a rebound.
1:18 of 1st period - Slapshot by Ethan Bear.
1:18 of 1st period - Shot Misses the Net.
1:20 of 1st period - Wrist shot by Sam Gagner.
1:20 of 1st period - Stopped by Connor Hellebuyck with a rebound.
1:22 of 1st period - Slapshot by Markus Niemelainen.
1:22 of 1st period - Stopped by Connor Hellebuyck with a rebound.
1:24 of 1st period - Snap shot by Kevin Labanc.
1:24 of 1st period - Shot Blocked by Mikhail Sergachev.
1:26 of 1st period - Wrist shot by Kevin Labanc.
1:26 of 1st period - Stopped by Connor Hellebuyck without a rebound.
1:27 of 1st period - Robert Thomas wins face-off versus Alex Newhook in St.Louis Blues zone.
1:35 of 1st period - Off-side.
1:36 of 1st period - Robert Thomas wins face-off versus Corey Perry in neutral zone.
1:43 of 1st period - Snap shot by Tage Thompson.
1:43 of 1st period - Shot Misses the Net.
1:45 of 1st period - Slapshot by Adam Pelech.
1:45 of 1st period - Shot Blocked by Ethan Bear.
1:47 of 1st period - Wrist shot by Robert Thomas.
1:47 of 1st period - Shot Misses the Net.
1:49 of 1st period - Slapshot by Adam Pelech.
1:49 of 1st period - Stopped by Adin Hill with a rebound.
1:51 of 1st period - Snap shot by Elias Pettersson.
1:51 of 1st period - Stopped by Adin Hill without a rebound.
1:52 of 1st period - Nico Sturm wins face-off versus Patrick Maroon in Nashville Predators zone.
2:18 of 1st period - Alexander Alexeyev is hit by Robert Thomas and loses puck.
3:05 of 1st period - Wrist shot by Jack Eichel.
3:05 of 1st period - Goal by Jack Eichel - Nashville Predators : 0 - St.Louis Blues : 1.
3:06 of 1st period - Robert Thomas wins face-off versus Patrick Maroon in neutral zone.
3:09 of 1st period - Snap shot by Elias Pettersson.
3:09 of 1st period - Stopped by Adin Hill with a rebound.
3:15 of 1st period - Wrist shot by Elias Pettersson.
3:15 of 1st period - Shot Blocked by Markus Niemelainen.
3:33 of 1st period - Off-side.
3:34 of 1st period - Jack Eichel wins face-off versus Thomas Novak in neutral zone.
3:37 of 1st period - Snap shot by Jake Guentzel.
3:37 of 1st period - Shot Misses the Net.
3:59 of 1st period - Jack Eichel is hit by Morgan Frost and loses puck.
4:18 of 1st period - Snap shot by Mark Stone.
4:18 of 1st period - Deflect By Jake Guentzel.
4:18 of 1st period - Stopped by Adin Hill with a rebound.
4:24 of 1st period - Jack Eichel is hit by Zemgus Girgensons and loses puck.
4:44 of 1st period - Wrist shot by Elias Pettersson.
4:44 of 1st period - Stopped by Adin Hill without a rebound.
4:45 of 1st period - Thomas Novak wins face-off versus Robert Thomas in Nashville Predators zone.
4:45 of 1st period - Thomas Novak is hit by Colton Parayko.
5:07 of 1st period - Minor Penalty to Robert Thomas for Tripping.
5:08 of 1st period - Thomas Novak wins face-off versus Nico Sturm in St.Louis Blues zone.
5:33 of 1st period - Alex Newhook is hit by Yanni Gourde and loses puck.
6:17 of 1st period - Morgan Frost is hit by Adam Pelech and loses puck.
7:07 of 1st period - Penalty to Robert Thomas is over, Robert Thomas is back on ice.
7:25 of 1st period - Elias Pettersson is hit by Brett Leason and loses puck.
7:38 of 1st period - Henri Jokiharju is hit by Jack Eichel and loses puck.
7:45 of 1st period - Alex Newhook is hit by Alex Pietrangelo and loses puck.
8:02 of 1st period - Snap shot by Alex Tuch.
8:02 of 1st period - Shot Misses the Net.
9:20 of 1st period - Icing by Robert Thomas.
9:21 of 1st period - Yanni Gourde wins face-off versus Corey Perry in St.Louis Blues zone.
9:28 of 1st period - Alex Newhook is hit by Evander Kane and loses puck.
9:50 of 1st period - Snap shot by Morgan Frost.
9:50 of 1st period - Shot Misses the Net.
9:52 of 1st period - Backhand shot by Nate Schmidt.
9:52 of 1st period - Stopped by Connor Hellebuyck with a rebound.
9:54 of 1st period - Slapshot by Nate Schmidt.
9:54 of 1st period - Shot Misses the Net.
9:56 of 1st period - Slapshot by Henri Jokiharju.
9:56 of 1st period - Stopped by Connor Hellebuyck without a rebound.
9:57 of 1st period - Jack Eichel wins face-off versus Thomas Novak in St.Louis Blues zone.
10:02 of 1st period - Snap shot by Jake Guentzel.
10:02 of 1st period - Stopped by Adin Hill with a rebound.
10:04 of 1st period - Wrist shot by Jake Guentzel.
10:04 of 1st period - Shot Blocked by Alexander Alexeyev.
10:06 of 1st period - Slapshot by Alex Pietrangelo.
10:06 of 1st period - Shot Blocked by Alexander Alexeyev.
10:08 of 1st period - Wrist shot by Jake Guentzel.
10:08 of 1st period - Shot Misses the Net.
10:10 of 1st period - Snap shot by Mark Stone.
10:10 of 1st period - Stopped by Adin Hill with a rebound.
10:12 of 1st period - Slapshot by Alex Pietrangelo.
10:12 of 1st period - Shot Blocked by Justin Braun.
10:14 of 1st period - Slapshot by Alex Pietrangelo.
10:14 of 1st period - Stopped by Adin Hill with a rebound.
11:08 of 1st period - Wrist shot by Rasmus Kupari.
11:08 of 1st period - Stopped by Connor Hellebuyck without a rebound.
11:09 of 1st period - Robert Thomas wins face-off versus Patrick Maroon in St.Louis Blues zone.
11:36 of 1st period - Wrist shot by Rasmus Kupari.
11:36 of 1st period - Stopped by Connor Hellebuyck without a rebound.
11:37 of 1st period - Thomas Novak wins face-off versus Yanni Gourde in St.Louis Blues zone.
11:44 of 1st period - Slapshot by Alex Tuch.
11:44 of 1st period - Shot Misses the Net.
12:08 of 1st period - Nate Schmidt is hit by Yanni Gourde and loses puck.
12:20 of 1st period - Icing by Colton Parayko.
12:21 of 1st period - Corey Perry wins face-off versus Robert Thomas in St.Louis Blues zone.
12:24 of 1st period - Snap shot by Corey Perry.
12:24 of 1st period - Shot Misses the Net.
12:43 of 1st period - Icing by Colton Parayko.
12:44 of 1st period - Thomas Novak wins face-off versus Jack Eichel in St.Louis Blues zone.
12:45 of 1st period - Snap shot by Jacob Peterson.
12:45 of 1st period - Stopped by Connor Hellebuyck with a rebound.
12:47 of 1st period - Slapshot by Nate Schmidt.
12:47 of 1st period - Shot Blocked by Colton Parayko.
12:49 of 1st period - Wrist shot by Jacob Peterson.
12:49 of 1st period - Shot Misses the Net.
12:51 of 1st period - Backhand shot by Henri Jokiharju.
12:51 of 1st period - Deflect By Thomas Novak.
12:51 of 1st period - Shot Misses the Net.
12:51 of 1st period - Puck is out of play.
12:52 of 1st period - Robert Thomas wins face-off versus Morgan Frost in St.Louis Blues zone.
13:49 of 1st period - Snap shot by Jake Guentzel.
13:49 of 1st period - Shot Blocked by Nate Schmidt.
13:51 of 1st period - Slapshot by Jack Eichel.
13:51 of 1st period - Deflect By Jake Guentzel.
13:51 of 1st period - Shot Blocked by Henri Jokiharju.
13:51 of 1st period - Puck is out of play.
13:52 of 1st period - Robert Thomas wins face-off versus Corey Perry in Nashville Predators zone.
14:33 of 1st period - Snap shot by Mark Stone.
14:33 of 1st period - Stopped by Adin Hill with a rebound.
15:05 of 1st period - Wrist shot by Andrew Copp.
15:05 of 1st period - Deflect By Lawson Crouse.
15:05 of 1st period - Stopped by Adin Hill with a rebound.
16:16 of 1st period - Snap shot by Jake Guentzel.
16:16 of 1st period - Shot Misses the Net.
16:39 of 1st period - Snap shot by Sam Gagner.
16:39 of 1st period - Deflect By Morgan Frost.
16:39 of 1st period - Stopped by Connor Hellebuyck with a rebound.
16:49 of 1st period - Evander Kane is hit by Patrick Maroon and loses puck.
16:58 of 1st period - Nate Schmidt is hit by Evander Kane and loses puck.
17:11 of 1st period - Wrist shot by Alex Tuch.
17:11 of 1st period - Shot Blocked by Nate Schmidt.
17:13 of 1st period - Slapshot by Evander Kane.
17:13 of 1st period - Stopped by Adin Hill without a rebound.
17:14 of 1st period - Thomas Novak wins face-off versus Robert Thomas in Nashville Predators zone.
17:24 of 1st period - Off-side.
17:25 of 1st period - Morgan Frost wins face-off versus Robert Thomas in neutral zone.
17:38 of 1st period - Jake Sanderson is hit by Kevin Labanc and loses puck.
18:29 of 1st period - Snap shot by Jakub Voracek.
18:29 of 1st period - Deflect By Jacob Peterson.
18:29 of 1st period - Shot Misses the Net.
18:29 of 1st period - Puck is out of play.
18:30 of 1st period - Morgan Frost wins face-off versus Robert Thomas in St.Louis Blues zone.
19:25 of 1st period - Snap shot by Lawson Crouse.
19:25 of 1st period - Stopped by Adin Hill without a rebound.
19:26 of 1st period - Robert Thomas wins face-off versus Kevin Labanc in Nashville Predators zone.
19:31 of 1st period - Snap shot by Robert Thomas.
19:31 of 1st period - Shot Misses the Net.
19:33 of 1st period - Wrist shot by Mikhail Sergachev.
19:33 of 1st period - Deflect By Robert Thomas.
19:33 of 1st period - Stopped by Adin Hill without a rebound.
19:34 of 1st period - Robert Thomas wins face-off versus Morgan Frost in Nashville Predators zone.
19:40 of 1st period - Minor Penalty to Henri Jokiharju for Hooking.
19:41 of 1st period - Robert Thomas wins face-off versus Thomas Novak in Nashville Predators zone.
19:52 of 1st period - Snap shot by Elias Pettersson.
19:52 of 1st period - Shot Blocked by Alex Newhook.
19:54 of 1st period - Slapshot by Mikhail Sergachev.
19:54 of 1st period - Shot Blocked by Markus Niemelainen.
19:56 of 1st period - Snap shot by Mikhail Sergachev.
19:56 of 1st period - Stopped by Adin Hill without a rebound.
19:57 of 1st period - Thomas Novak wins face-off versus Jake Guentzel in Nashville Predators zone.
Goals for this period are 0 for Nashville Predators vs 1 for St.Louis Blues.
Shots for this period are 10 for Nashville Predators vs 15 for St.Louis Blues.
2nd period
0:01 of 2nd period - Robert Thomas wins face-off versus Thomas Novak in neutral zone.
0:36 of 2nd period - Wrist shot by Mark Stone.
0:36 of 2nd period - Shot Misses the Net.
1:06 of 2nd period - Morgan Frost is hit by Mikhail Sergachev and loses puck.
1:40 of 2nd period - Penalty to Henri Jokiharju is over, Henri Jokiharju is back on ice.
1:49 of 2nd period - Backhand shot by Patrick Maroon.
1:49 of 2nd period - Stopped by Connor Hellebuyck with a rebound.
1:55 of 2nd period - Patrick Maroon is hit by Lawson Crouse and loses puck.
2:44 of 2nd period - Lawson Crouse is hit by Patrick Maroon and loses puck.
2:57 of 2nd period - Nick Leddy is hit by Jacob Peterson and loses puck.
3:10 of 2nd period - Kevin Labanc is hit by Alex Tuch and loses puck.
4:02 of 2nd period - Jack Eichel is hit by Patrick Maroon and loses puck.
4:21 of 2nd period - Wrist shot by Alex Tuch.
4:21 of 2nd period - Deflect By Yanni Gourde.
4:21 of 2nd period - Shot Misses the Net.
4:21 of 2nd period - Puck is out of play.
4:22 of 2nd period - Yanni Gourde wins face-off versus Thomas Novak in Nashville Predators zone.
5:00 of 2nd period - Minor Penalty to Nico Sturm for Roughing.
5:01 of 2nd period - Andrew Copp wins face-off versus Sam Gagner in St.Louis Blues zone.
5:18 of 2nd period - Off-side.
5:19 of 2nd period - Andrew Copp wins face-off versus Thomas Novak in neutral zone.
5:39 of 2nd period - Minor Penalty to Alexander Alexeyev for Hooking.
5:40 of 2nd period - Thomas Novak wins face-off versus Robert Thomas in Nashville Predators zone.
5:48 of 2nd period - Slapshot by Jacob Peterson.
5:48 of 2nd period - Shot Blocked by Colton Parayko.
5:50 of 2nd period - Slapshot by Nate Schmidt.
5:50 of 2nd period - Deflect By Robert Thomas.
5:50 of 2nd period - Stopped by Connor Hellebuyck with a rebound.
5:52 of 2nd period - Slapshot by Henri Jokiharju.
5:52 of 2nd period - Deflect By Thomas Novak.
5:52 of 2nd period - Shot Blocked by Alex Pietrangelo.
5:52 of 2nd period - Puck is out of play.
5:53 of 2nd period - Jack Eichel wins face-off versus Morgan Frost in St.Louis Blues zone.
6:08 of 2nd period - Wrist shot by Mark Stone.
6:08 of 2nd period - Shot Misses the Net.
6:10 of 2nd period - Slapshot by Mikhail Sergachev.
6:10 of 2nd period - Stopped by Adin Hill with a rebound.
6:20 of 2nd period - Mikhail Sergachev is hit by Markus Niemelainen and loses puck.
6:55 of 2nd period - Mark Stone is hit by Henri Jokiharju and loses puck.
7:00 of 2nd period - Penalty to Nico Sturm is over, Nico Sturm is back on ice.
7:11 of 2nd period - Snap shot by Jack Eichel.
7:11 of 2nd period - Goal by Jack Eichel - Nashville Predators : 0 - St.Louis Blues : 2.
7:12 of 2nd period - Robert Thomas wins face-off versus Corey Perry in neutral zone.
7:25 of 2nd period - Snap shot by Robert Thomas.
7:25 of 2nd period - Shot Blocked by Zemgus Girgensons.
7:27 of 2nd period - Wrist shot by Robert Thomas.
7:27 of 2nd period - Stopped by Adin Hill with a rebound.
7:29 of 2nd period - Slapshot by Alex Pietrangelo.
7:29 of 2nd period - Shot Blocked by Corey Perry.
8:06 of 2nd period - Snap shot by Jacob Peterson.
8:06 of 2nd period - Shot Misses the Net.
9:06 of 2nd period - Snap shot by Morgan Frost.
9:06 of 2nd period - Stopped by Connor Hellebuyck without a rebound.
9:07 of 2nd period - Jack Eichel wins face-off versus Morgan Frost in St.Louis Blues zone.
9:18 of 2nd period - Slapshot by Jake Guentzel.
9:18 of 2nd period - Shot Blocked by Kevin Labanc.
9:20 of 2nd period - Wrist shot by Jake Guentzel.
9:20 of 2nd period - Stopped by Adin Hill with a rebound.
9:22 of 2nd period - Slapshot by Colton Parayko.
9:22 of 2nd period - Stopped by Adin Hill with a rebound.
9:24 of 2nd period - Slapshot by Colton Parayko.
9:24 of 2nd period - Stopped by Adin Hill with a rebound.
9:47 of 2nd period - Robert Thomas is hit by Jacob Peterson and loses puck.
9:55 of 2nd period - Icing by Tage Thompson.
9:56 of 2nd period - Yanni Gourde wins face-off versus Corey Perry in St.Louis Blues zone.
9:56 of 2nd period - Yanni Gourde is hit by Alex Newhook.
10:12 of 2nd period - Snap shot by Zemgus Girgensons.
10:12 of 2nd period - Deflect By Alex Newhook.
10:12 of 2nd period - Stopped by Connor Hellebuyck with a rebound.
10:22 of 2nd period - Snap shot by Thomas Novak.
10:22 of 2nd period - Stopped by Connor Hellebuyck with a rebound.
10:24 of 2nd period - Slapshot by Ethan Bear.
10:24 of 2nd period - Deflect By Jakub Voracek.
10:24 of 2nd period - Goal by Jakub Voracek - Nashville Predators : 1 - St.Louis Blues : 2.
10:25 of 2nd period - Morgan Frost wins face-off versus Robert Thomas in neutral zone.
10:28 of 2nd period - Slapshot by Nate Schmidt.
10:28 of 2nd period - Shot Blocked by Colton Parayko.
10:52 of 2nd period - Wrist shot by Thomas Novak.
10:52 of 2nd period - Shot Misses the Net.
11:19 of 2nd period - Snap shot by Evander Kane.
11:19 of 2nd period - Deflect By Zemgus Girgensons.
11:19 of 2nd period - Shot Misses the Net.
11:19 of 2nd period - Puck is out of play.
11:20 of 2nd period - Morgan Frost wins face-off versus Robert Thomas in Nashville Predators zone.
11:22 of 2nd period - Minor Penalty to Nate Schmidt for Roughing.
11:23 of 2nd period - Thomas Novak wins face-off versus Robert Thomas in Nashville Predators zone.
11:31 of 2nd period - Slapshot by Tage Thompson.
11:31 of 2nd period - Stopped by Adin Hill with a rebound.
13:22 of 2nd period - Penalty to Nate Schmidt is over, Nate Schmidt is back on ice.
13:27 of 2nd period - Snap shot by Andrew Copp.
13:27 of 2nd period - Goal by Andrew Copp - Nashville Predators : 1 - St.Louis Blues : 3.
13:28 of 2nd period - Morgan Frost wins face-off versus Nico Sturm in neutral zone.
14:01 of 2nd period - Off-side.
14:02 of 2nd period - Morgan Frost wins face-off versus Robert Thomas in neutral zone.
14:07 of 2nd period - Snap shot by Sam Gagner.
14:07 of 2nd period - Shot Misses the Net.
14:13 of 2nd period - Sam Gagner is hit by Mikhail Sergachev and loses puck.
14:35 of 2nd period - Slapshot by Jakub Voracek.
14:35 of 2nd period - Shot Blocked by Jake Guentzel.
14:37 of 2nd period - Wrist shot by Thomas Novak.
14:37 of 2nd period - Stopped by Connor Hellebuyck without a rebound.
14:38 of 2nd period - Corey Perry wins face-off versus Robert Thomas in St.Louis Blues zone.
14:53 of 2nd period - Slapshot by Alex Newhook.
14:53 of 2nd period - Stopped by Connor Hellebuyck without a rebound.
14:54 of 2nd period - Jack Eichel wins face-off versus Kevin Labanc in St.Louis Blues zone.
15:21 of 2nd period - Alex Pietrangelo is hit by Nate Schmidt and loses puck.
15:45 of 2nd period - Wrist shot by Yanni Gourde.
15:45 of 2nd period - Stopped by Adin Hill with a rebound.
15:47 of 2nd period - Slapshot by Adam Pelech.
15:47 of 2nd period - Stopped by Adin Hill without a rebound.
15:48 of 2nd period - Corey Perry wins face-off versus Tage Thompson in Nashville Predators zone.
15:55 of 2nd period - Wrist shot by Alex Newhook.
15:55 of 2nd period - Shot Blocked by Adam Pelech.
15:57 of 2nd period - Wrist shot by Markus Niemelainen.
15:57 of 2nd period - Shot Blocked by Adam Pelech.
16:08 of 2nd period - Wrist shot by Corey Perry.
16:08 of 2nd period - Shot Misses the Net.
16:10 of 2nd period - Snap shot by Alex Newhook.
16:10 of 2nd period - Stopped by Connor Hellebuyck without a rebound.
16:11 of 2nd period - Jack Eichel wins face-off versus Thomas Novak in St.Louis Blues zone.
17:11 of 2nd period - Snap shot by Andrew Copp.
17:11 of 2nd period - Shot Blocked by Alexander Alexeyev.
17:23 of 2nd period - Slapshot by Jack Eichel.
17:23 of 2nd period - Stopped by Adin Hill without a rebound.
17:24 of 2nd period - Jack Eichel wins face-off versus Thomas Novak in Nashville Predators zone.
17:33 of 2nd period - Wrist shot by Jakub Voracek.
17:33 of 2nd period - Shot Misses the Net.
17:35 of 2nd period - Slapshot by Markus Niemelainen.
17:35 of 2nd period - Shot Misses the Net.
17:49 of 2nd period - Alex Newhook is hit by Elias Pettersson and loses puck.
18:17 of 2nd period - Adam Pelech is hit by Patrick Maroon and loses puck.
18:50 of 2nd period - Markus Niemelainen is hit by Colton Parayko.
19:28 of 2nd period - Patrick Maroon is hit by Yanni Gourde and loses puck.
19:32 of 2nd period - Icing by Markus Niemelainen.
19:33 of 2nd period - Yanni Gourde wins face-off versus Patrick Maroon in Nashville Predators zone.
19:52 of 2nd period - Wrist shot by Patrick Maroon.
19:52 of 2nd period - Shot Misses the Net.
Goals for this period are 1 for Nashville Predators vs 2 for St.Louis Blues.
Shots for this period are 9 for Nashville Predators vs 11 for St.Louis Blues.
3rd period
0:01 of 3rd period - Robert Thomas wins face-off versus Thomas Novak in neutral zone.
0:22 of 3rd period - Minor Penalty to Henri Jokiharju for Roughing.
0:23 of 3rd period - Robert Thomas wins face-off versus Thomas Novak in Nashville Predators zone.
2:22 of 3rd period - Penalty to Henri Jokiharju is over, Henri Jokiharju is back on ice.
2:44 of 3rd period - Wrist shot by Sam Gagner.
2:44 of 3rd period - Shot Misses the Net.
3:30 of 3rd period - Jacob Peterson is hit by Jake Sanderson and loses puck.
4:59 of 3rd period - Robert Thomas is hit by Henri Jokiharju and loses puck.
5:09 of 3rd period - Icing by Mikhail Sergachev.
5:10 of 3rd period - Robert Thomas wins face-off versus Patrick Maroon in St.Louis Blues zone.
5:33 of 3rd period - Wrist shot by Alex Newhook.
5:33 of 3rd period - Shot Misses the Net.
5:41 of 3rd period - Snap shot by Jake Guentzel.
5:41 of 3rd period - Stopped by Adin Hill with a rebound.
5:43 of 3rd period - Slapshot by Mikhail Sergachev.
5:43 of 3rd period - Stopped by Adin Hill with a rebound.
6:39 of 3rd period - Snap shot by Jake Guentzel.
6:39 of 3rd period - Shot Blocked by Henri Jokiharju.
7:17 of 3rd period - Slapshot by Jack Eichel.
7:17 of 3rd period - Shot Misses the Net.
7:19 of 3rd period - Slapshot by Jake Sanderson.
7:19 of 3rd period - Shot Blocked by Henri Jokiharju.
7:27 of 3rd period - Snap shot by Jake Guentzel.
7:27 of 3rd period - Stopped by Adin Hill with a rebound.
7:58 of 3rd period - Wrist shot by Jake Guentzel.
7:58 of 3rd period - Shot Blocked by Corey Perry.
8:16 of 3rd period - Snap shot by Jack Eichel.
8:16 of 3rd period - Stopped by Adin Hill without a rebound.
8:17 of 3rd period - Morgan Frost wins face-off versus Robert Thomas in Nashville Predators zone.
8:30 of 3rd period - Snap shot by Morgan Frost.
8:30 of 3rd period - Deflect By Kevin Labanc.
8:30 of 3rd period - Shot Blocked by Colton Parayko.
8:30 of 3rd period - Puck is out of play.
8:31 of 3rd period - Robert Thomas wins face-off versus Thomas Novak in St.Louis Blues zone.
8:58 of 3rd period - Markus Niemelainen is hit by Evander Kane and loses puck.
11:01 of 3rd period - Lawson Crouse is hit by Brett Leason and loses puck.
11:42 of 3rd period - Nico Sturm is hit by Morgan Frost and loses puck.
12:35 of 3rd period - Henri Jokiharju is hit by Andrew Copp.
16:27 of 3rd period - Ethan Bear is hit by Jake Sanderson.
19:40 of 3rd period - Alexander Alexeyev is hit by Mikhail Sergachev and loses puck.
19:53 of 3rd period - Alex Newhook is hit by Tage Thompson and loses puck.
Goals for this period are 0 for Nashville Predators vs 0 for St.Louis Blues.
Shots for this period are 0 for Nashville Predators vs 4 for St.Louis Blues.
Back to the Top